 Dungeon Crawl Stone Soup version 0.25-a0-403-g49d089a364 (webtiles) character file.

Game seed: 3992528310258698782, levelgen mode: deterministic

1734 ReteAZ the Slasher (level 9, -6/102 HPs)
             Began as a Human Fighter on Jan 9, 2020.
             Was an Initiate of the Shining One.
             Mangled by an orc warrior
             ... wielding a +0 glaive
              (7 damage)
             ... on level 7 of the Dungeon.
             The game lasted 00:13:38 (5962 turns).

ReteAZ the Slasher (Human Fighter)                  Turns: 5962, Time: 00:13:39

Health: -6/102     AC: 26    Str: 23    XL:     9   Next: 25%
Magic:  11/11      EV:  2    Int: 14    God:    the Shining One [......]
Gold:   355        SH: 11    Dex: 18    Spells: 8/8 levels left

rFire    + . .     SeeInvis .   J - +1 short sword (freeze)
rCold    + . .     Gourm    .   c - +0 shield
rNeg     + + +     Faith    .   (armour currently unavailable)
rPois    +         Spirit   .   (helmet currently unavailable)
rElec    +         Reflect  .   (cloak currently unavailable)
rCorr    +         Harm     .   (gloves currently unavailable)
MR       .....     NoTele   +   (boots currently unavailable)
Stlth    +.........             (no amulet)
HPRegen  0.27/turn              r - +4 ring of strength
MPRegen  0.12/turn              B - +2 ring of protection

@: brilliant, agile, tree-form (expiring), resistant, berserk cooldown, slowed,
glowing, very slow
A: no striking features
a: Renounce Religion


You were on level 7 of the Dungeon.
You worshipped the Shining One.
The Shining One was noncommittal.
You were not hungry.
You were a tree.
You visited 2 branches of the dungeon, and saw 8 of its levels.

You collected 355 gold pieces.

Inventory:

Hand Weapons
 a - a +0 long sword
 o - a +0 whip of electrocution
 D - a +1 dagger of holy wrath
 G - the +3 hunting sling "Usosah" {venom, Int+6}
   (You found it on level 4 of the Dungeon)

   It poisons the ammo it fires.
   It affects your intelligence (+6).
 J - a +1 short sword of freezing (weapon)
Missiles
 y - 48 poisoned darts (quivered)
 I - 100 stones
 L - 13 sling bullets
Armour
 b - a +0 scale mail (melded)
 c - a +0 shield (worn)
 e - a +0 helmet (melded)
 C - a scarf of repulsion (melded)
Jewellery
 r - a +4 ring of strength (left branch)
 B - a +2 ring of protection (right branch)
Wands
 w - a wand of iceblast (2)
 x - a wand of disintegration (12)
 H - a wand of acid (6)
Scrolls
 g - a scroll of enchant weapon {unknown}
 h - 2 scrolls of remove curse
 i - 2 scrolls of teleportation {unknown}
 j - 2 scrolls of blinking {unknown}
 k - 3 scrolls of fear {unknown}
 l - 2 scrolls of immolation {unknown}
 n - 3 scrolls of amnesia {unknown}
 p - 2 scrolls of enchant armour {unknown}
 q - 6 scrolls of identify {unknown}
 t - 3 scrolls of magic mapping {unknown}
 u - a scroll of noise {unknown}
 K - a scroll of fog {unknown}
 M - a scroll of random uselessness {unknown}
Potions
 d - 3 potions of might
 m - a potion of resistance
 z - 2 potions of haste
Comestibles
 f - 13 rations


   Skills:
 - Level 5.0 Fighting
 * Level 7.2 Long Blades
 + Level 5.7 Armour
 + Level 5.6 Shields
 + Level 3.4 Evocations


You had 8 spell levels left.
You didn't know any spells.
Your spell library was empty.

Dungeon Overview and Level Annotations

Branches:
Dungeon (7/15)             Temple (1/1) D:6

Altars:
Ashenzari
Cheibriados
Dithmenos
Elyvilon
Hepliaklqana
Nemelex Xobeh
Okawaru
Ru
Uskayaw
Vehumet
Wu Jian
Yredelemnul
Zin
The Shining One

Annotations:
D:5 3 runed translucent doors, anet's ghost, novice GnMo


Message History

You block the jackal's attack. You block the orc warrior's attack.
You closely miss the jackal.
The jackal bites you but does no damage.
You block the jackal's attack.
The orc warrior hits you from afar with a +0 glaive!
* * * LOW HITPOINT WARNING * * *
You closely miss the jackal.
The jackal bites you but does no damage. x2
The orc warrior barely misses you.
You hit the jackal. You freeze the jackal.
The jackal is heavily wounded.
The jackal bites you but does no damage.
You block the jackal's attack.
The orc warrior hits you but does no damage.
You hit the jackal. You freeze the jackal.
You kill the jackal!
The jackal bites you.
* * * LOW HITPOINT WARNING * * *
The orc warrior hits you from afar with a +0 glaive!
You die...

#.# #. #.# .. #.#
##.## #.# #... #.#
#..# #.#####..####
#...........#
#<#####..##.##
#..o.♣ho.....####.
#.#####)......h...
#.. #.###.......
### #)###...###.
#h.ZF.h.....
#####...#### ...#
....# #h...#


You could see an orc warrior, an orc priest and a jackal.

Vanquished Creatures
  3 ice beasts
  3 sky beasts (D:6)
  An ogre (D:5)
  2 phantoms (D:6)
  A centaur (D:5)
  3 bullfrogs
  A scorpion (D:7)
  A wyvern skeleton (D:6)
  4 howler monkeys
  A crimson imp (D:6)
  An orc priest (D:7)
  An iguana (D:4)
  4 worker ants
  A gnoll (D:2)
  5 adders
  2 shadow imps (D:5)
  4 oozes
  4 worms
  4 dart slugs
  4 leopard geckos
  5 orcs
  4 bats
  7 giant cockroaches
  8 goblins
  16 hobgoblins
  14 jackals
  10 kobolds
  5 quokkas
  2 ball pythons
  2 frilled lizards
  8 rats
131 creatures vanquished.

Notes
Turn   | Place    | Note
-------+----------+-------------------------------------------
     0 | D:1      | ReteAZ the Human Fighter began the quest for the Orb.
     0 | D:1      | Reached XP level 1. HP: 18/18 MP: 1/1
    32 | D:1      | Reached XP level 2. HP: 24/24 MP: 2/2
   201 | D:1      | Reached XP level 3. HP: 24/29 MP: 3/3
   720 | D:2      | Reached skill level 3 in Long Blades
   720 | D:2      | Reached XP level 4. HP: 20/35 MP: 4/4
  1699 | D:3      | Reached XP level 5. HP: 41/41 MP: 5/5
  2554 | D:4      | Reached skill level 4 in Long Blades
  2554 | D:4      | Reached XP level 6. HP: 35/48 MP: 6/6
  2593 | D:4      | Noticed an ogre
  2911 | D:4      | You fall into a shaft and drop 3 floors!
  3160 | D:5      | Entered Level 5 of the Dungeon
  3197 | D:5      | Noticed an ogre
  3207 | D:5      | Killed an ogre
  3207 | D:5      | Reached XP level 7. HP: 54/54 MP: 7/7
  3250 | D:5      | Found a runed translucent gate.
  3250 | D:5      | Found a runed translucent gate.
  3250 | D:5      | Found a runed translucent gate.
  3250 | D:5      | Noticed anet's ghost (novice GnMo)
  3331 | D:5      | Reached skill level 5 in Long Blades
  3507 | D:4      | Got a bone hunting sling
  3601 | D:5      | Reached skill level 1 in Evocations
  3800 | D:5      | Found a radiant altar of Vehumet.
  3800 | D:5      | Found a snail-covered altar of Cheibriados.
  3800 | D:5      | Found a hide-covered altar of Uskayaw.
  4083 | D:6      | Reached XP level 8. HP: 48/61 MP: 7/9
  4245 | D:6      | Identified the +3 hunting sling "Usosah" {venom, Int+6}
                  | (You found it on level 4 of the Dungeon)
  4535 | D:6      | Reached skill level 5 in Fighting
  4535 | D:6      | Reached skill level 6 in Long Blades
  4535 | D:6      | Reached skill level 5 in Armour
  4804 | D:6      | Found a shadowy altar of Dithmenos.
  4832 | D:6      | Reached skill level 5 in Shields
  5391 | D:6      | Found a staircase to the Ecumenical Temple.
  5400 | Temple   | Entered the Ecumenical Temple
  5488 | Temple   | Became a worshipper of the Shining One
  5838 | D:7      | Reached XP level 9. HP: 68/68 MP: 11/11
  5888 | D:7      | Reached skill level 7 in Long Blades
  5959 | D:7      | HP: 2/102 [orc warrior/+0 glaive (14)]
  5962 | D:7      | Mangled by an orc warrior

Levels and vault maps discovered:
D:1:      denvon_arrival_planthouse, layout_basic, minmay_misc_feat_chi,
          serial_park_tiny_pond
D:2:      layout_loops_ring, minmay_three_crescents
D:3:      minmay_chambers_of_threes, layout_basic, first_ration,
          minmay_misc_feat_rows, serial_bayou_lake_a
D:4:      layout_cave_pools
D:5:      layout_cave_pools, gammafunk_temple_overflow_claw,
          ebering_ghost_rock_garden
D:6:      layout_layer_cave, lemuel_doored_altar, minmay_temple_entry_overgrown
D:7:      layout_loops_ring, grunt_temple_overflow_open
Temple:   eino_temple_scatter_basement

Skill      XL: |  1  2  3  4  5  6  7  8  9 |
---------------+----------------------------+-----
Long Blades    | 3 4 5 6 7 |  7.2
Fighting       | 4 5 |  5.0
Armour         | 4 5 |  5.7
Shields        | 4 5 |  5.6
Evocations     | 1 2 3 |  3.4

Action                   |  1- 3 |  4- 6 |  7- 9 || total
-------------------------+-------+-------+-------++-------
Melee: Long sword        |    82 |    15 |    71 ||   168
       Whip              |       |   217 |    24 ||   241
       War axe           |       |     7 |       ||     7
       Short sword       |       |       |   143 ||   143
       Dagger            |       |       |     8 ||     8
 Fire: Hunting sling     |       |       |    23 ||    23
Throw: Dart              |       |    10 |       ||    10
Evoke: Wand              |       |     1 |     6 ||     7
  Use: Scroll            |       |     1 |       ||     1
       Potion            |       |       |    12 ||    12
  Eat: Chunk             |       |     8 |     3 ||    11
       Ration            |       |       |     2 ||     2
Armor: Scale mail        |    52 |    80 |    94 ||   226
       Skin              |       |       |    18 ||    18
Dodge: Dodged            |    19 |    61 |    49 ||   129
       Deflected         |       |       |     1 ||     1
Block: Shield            |    46 |   122 |    95 ||   263
       Rpst.: Long sword |     7 |       |     1 ||     8

Table legend:
 A = Non-vault XP
 B = Vault XP
 C = Vault XP percentage of total XP
 D = Non-vault monster count
 E = Vault monster count
 F = Vault count percentage of total count
                 A         B        C        D         E       F
            +---------+---------+-------+---------+---------+-------
      Total |    2419 |      59 |   2.4 |     113 |      18 |  13.7
            +---------+---------+-------+---------+---------+-------
        D:1 |      61 |       0 |   0.0 |      29 |       0 |   0.0
        D:2 |      38 |      23 |  37.7 |      16 |       6 |  27.3
        D:3 |      71 |      36 |  33.6 |      27 |      12 |  30.8
        D:4 |      74 |       0 |   0.0 |       3 |       0 |   0.0
        D:5 |     408 |       0 |   0.0 |       7 |       0 |   0.0
        D:6 |    1251 |       0 |   0.0 |      17 |       0 |   0.0
        D:7 |     516 |       0 |   0.0 |      14 |       0 |   0.0
            +---------+---------+-------+---------+---------+-------
